 Dungeon Crawl Stone Soup version 0.30-a0-269-gf0224bf7b6 (webtiles) character file.

Game seed: 5763238268466033532

63 qw the Chopper (level 4, -1/28 HPs)
             Began as a Gargoyle Fighter on Oct 14, 2022.
             Killed from afar by Sigmund (12 damage)
             ... with a bolt of dispelling energy
             ... on level 2 of the Dungeon.
             The game lasted 00:00:38 (1022 turns).

qw the Chopper (Gargoyle Fighter)                   Turns: 1022, Time: 00:00:39

Health: -1/28      AC: 10    Str: 21    XL:     4   Next: 10%
Magic:  4/4        EV:  9    Int:  9    God:
Gold:   145        SH:  4    Dex:  9    Spells: 3/3 levels left

rFire   . . .      SeeInvis .    Y - +0 war axe
rCold   . . .      Faith    .    c - +0 buckler
rNeg    + . .      Spirit   .    b - +0 scale mail
rPois   inf        Reflect  .    (no helmet)
rElec   +          Harm     .    (no cloak)
rCorr   .          Rampage  .    (no gloves)
Will    .....                    (no boots)
Stlth   ..........               (no amulet)
HPRegen 0.24/turn                (no ring)
MPRegen 0.09/turn                (no ring)

@: no status effects
A: sickness immunity, AC +3, negative energy resistance 1, electricity
resistance, torment resistance 1, petrification resistance
a: no special abilities


You were on level 2 of the Dungeon.
You visited 1 branch of the dungeon, and saw 2 of its levels.

You collected 145 gold pieces.


Innate Abilities, Weirdness & Mutations

You are immune to sickness and miasma.
Your stone body is resilient. (AC +3)
You are immune to poison.
You resist negative energy. (rN+)
You are resistant to electric shocks. (rElec)
You are resistant to unholy torment.
You are immune to petrification.


   Skills:
 - Level 3.2 Fighting
 + Level 3.9 Axes
 - Level 3.2 Armour
 - Level 3.2 Shields


You had 3 spell levels left.
You didn't know any spells.
Your spell library was empty.

Inventory:

Hand Weapons
 k - a +0 whip of freezing
 Y - a +0 war axe (weapon)
Armour
 b - a +0 scale mail (worn)
 c - a +0 buckler (worn)
Scrolls
 a - a scroll of poison {unknown}
 i - a scroll of fear {unknown}
 l - a scroll of identify {unknown}
Potions
 d - a potion of might
 e - a potion of haste {unknown}
 f - a potion of lignification {unknown}
 g - a potion of curing
 h - a potion of flight {unknown}
 j - a potion of degeneration {unknown}

Dungeon Overview and Level Annotations

Branches:
Dungeon (2/15)

Altars:

Annotations:
D:2 Sigmund


Message History

Sigmund zaps a wand.
The bolt of dispelling energy hits you!
Your magical effects are unravelling.
1011 ||| DRINKING 2 potions of curing.
You feel better.
1011 ||| (to cure confusion) Sigmund closely misses you.
You barely miss Sigmund.
Sigmund is moderately wounded.
You closely miss Sigmund.
Sigmund is moderately wounded.
Sigmund zaps a wand.
The bolt of dispelling energy misses you.
Sigmund hits you with a +0 scythe.
You closely miss Sigmund.
Sigmund is moderately wounded.
Sigmund zaps a wand.
The bolt of dispelling energy hits you.
You hit Sigmund.
Sigmund is moderately wounded.
Sigmund barely misses you.
You hit Sigmund.
Sigmund is heavily wounded.
Sigmund hits you but does no damage.
You closely miss Sigmund.
Sigmund is heavily wounded.
Sigmund hits you but does no damage.
You barely miss Sigmund.
Sigmund is heavily wounded.
You barely miss Sigmund.
Sigmund is heavily wounded.
Sigmund mumbles some strange words.
Sigmund flickers and vanishes!
Deactivating autopickup; reactivate with Ctrl-A.
Something hits you.
You hit something. Something hits you.
You miss something. You barely miss something.
You hear a zap.
A bolt of dispelling energy appears from out of thin air!
The bolt of dispelling energy hits you!
You die...

####.#.....#
...##....#
###.##....#
#.##....#
#.##.##.#
#....# ...
#....# #..#
#....# ..#
#...@# ..
#....{......
#...#####..#
#.### #.# #.
##


There were no monsters in sight!

Vanquished Creatures
  A gnoll (D:1)
  2 dart slugs
  3 bats
  4 endoplasms
  4 giant cockroaches
  3 goblins
  5 hobgoblins (D:1)
  4 jackals (D:2)
  3 quokkas
  4 ball pythons
  3 frilled lizards (D:1)
  3 kobolds
  5 rats
44 creatures vanquished.

Notes
Turn   | Place    | Note
-------+----------+-------------------------------------------
     0 | D:1      | qw the Gargoyle Fighter began the quest for the Orb.
     0 | D:1      | Reached XP level 1. HP: 14/14 MP: 1/1
     0 | D:1      | 0 ||| qw: Version: 0.2-a-17-g06abaee
     0 | D:1      | 0 ||| qw: Game counter: 1
     0 | D:1      | 0 ||| qw: Always use a shield: true
     0 | D:1      | 0 ||| qw: God list: Trog, Okawaru, Makhleb
     0 | D:1      | 0 ||| qw: Allow faded altars: false
     0 | D:1      | 0 ||| qw: Do Orc after D:15 true
     0 | D:1      | 0 ||| qw: Do second Lair branch before Depths: true
     0 | D:1      | 0 ||| qw: Lair rune preference: random
     0 | D:1      | 0 ||| qw: Plans: Normal
     0 | D:1      | 0 ||| PLANNING D:1-11
   193 | D:1      | Reached XP level 2. HP: 17/19 MP: 2/2
   406 | D:1      | 406 ||| Stepping ~*~*~tactically~*~*~ (hiding).
   409 | D:1      | 409 ||| Stepping ~*~*~tactically~*~*~ (hiding).
   536 | D:1      | Reached skill level 3 in Axes
   536 | D:1      | Reached XP level 3. HP: 23/23 MP: 3/3
   608 | D:1      | 608 ||| Stepping ~*~*~tactically~*~*~ (stealth).
   622 | D:1      | 622 ||| DROPPING +0 club.
   657 | D:1      | 657 ||| Stepping ~*~*~tactically~*~*~ (stealth).
   658 | D:1      | 658 ||| Stepping ~*~*~tactically~*~*~ (stealth).
   778 | D:1      | 778 ||| READING scroll labelled EDIUVE QOROA.
   779 | D:1      | 779 ||| READING scroll labelled EFRACU ETZI.
   780 | D:1      | 780 ||| DRINKING 3 sapphire potions.
   814 | D:2      | 814 ||| Stepping ~*~*~tactically~*~*~ (stealth).
   840 | D:2      | 840 ||| Stepping ~*~*~tactically~*~*~ (stealth).
   864 | D:2      | 864 ||| PLANNING D:1-11
   882 | D:2      | Reached XP level 4. HP: 26/28 MP: 4/4
   966 | D:2      | 966 ||| Stepping ~*~*~tactically~*~*~ (hiding).
  1002 | D:2      | Noticed Sigmund
  1003 | D:2      | 1003 ||| Stepping ~*~*~tactically~*~*~ (hiding).
  1011 | D:2      | 1011 ||| DRINKING 2 potions of curing.
  1011 | D:2      | 1011 ||| (to cure confusion)
  1022 | D:2      | Killed from afar by Sigmund

Levels and vault maps discovered:
D:1:      psy_arrival_heroes, layout_basic, roderic_filled_cross
D:2:      layout_basic, minmay_goblin_kobold_house, uniq_sigmund

Skill      XL: |  1  2 |
---------------+-------+-----
Axes           | 2 3 |  3.9
Fighting       | |  3.2
Armour         | |  3.2
Shields        | |  3.2

Action                   |  1- 3 |  4- 6 || total
-------------------------+-------+-------++-------
Melee: War axe           |    95 |    26 ||   121
  Use: Scroll            |     2 |       ||     2
       Potion            |     1 |     1 ||     2
Armor: Scale mail        |    55 |    10 ||    65
Dodge: Dodged            |    46 |    14 ||    60
Block: Buckler           |    18 |     1 ||    19

Table legend:
 A = Non-vault XP
 B = Vault XP
 C = Vault XP percentage of total XP
 D = Non-vault monster count
 E = Vault monster count
 F = Vault count percentage of total count
                 A         B        C        D         E       F
            +---------+---------+-------+---------+---------+-------
      Total |      91 |       0 |   0.0 |      44 |       0 |   0.0
            +---------+---------+-------+---------+---------+-------
        D:1 |      62 |       0 |   0.0 |      29 |       0 |   0.0
        D:2 |      29 |       0 |   0.0 |      15 |       0 |   0.0
            +---------+---------+-------+---------+---------+-------
